AoeStats
← Kayzer_Rsk

QS Arena

503512834Analyzed
2v2 RM · 1mo ago on Sep 1, 2026· 42m 35s· 4 players
Game mode
Random Map
Map size
Medium (4 player)
Population
200
Speed
Normal
Resources
Standard
Victory
Conquest
Starting age
Dark Age
Ending age
Imperial Age
RankedLock teamsTeams togetherTeam positionsShared explorationLock speedFull tech treeHidden civsTurbo modeCheats
Victory
Defeat
🇲🇽 Britons · Mexico
887
+11
🇦🇷 Goths · Argentina
876
+12
🇨🇱 Vikings · Chile
792
-12
🇨🇱 Cumans · Chile
770
-11
KylianDictador7
9:25 Feudal Age
13:04 Castle Age
12:20 Horse Collar
12:29 Double-Bit Axe
14:05 Wheelbarrow
14:37 Heavy Plow
25:03 Fletching
27:00 Hand Cart
26:37 Gold Mining
30:55 Imperial Age
28:27 Bodkin Arrow
28:33 Padded Archer Armor
30:43 Gold Shaft Mining
31:04 Leather Archer Armor
32:07 Conscription
32:31 Yeomen
31:59 Elite Longbowman
34:57 Bracer
35:28 Ring Archer Armor
34:22 Pikeman
34:47 Gambesons
36:54 Chemistry
36:14 Ballistics
36:02 Siege Engineers
37:06 Halberdier
40:19 Forging
40:09 Scale Mail Armor
40:21 Squires
40:15 Onager
TurcoMenem
8:50 Feudal Age
10:07 Town Watch
12:57 Castle Age
10:59 Double-Bit Axe
16:34 Horse Collar
18:02 Scale Mail Armor
19:09 Loom
21:04 Heavy Plow
24:13 Bow Saw
26:58 Wheelbarrow
27:04 Gold Mining
27:08 Stone Mining
30:08 Hand Cart
29:57 Town Patrol
29:57 Fletching
30:27 Chain Mail Armor
30:24 Forging
31:10 Masonry
30:56 Murder Holes
31:34 Bodkin Arrow
32:47 Ballistics
32:55 Forging
33:08 Squires
33:41 Man-at-Arms
35:25 Iron Casting
34:18 Long Swordsman
38:31 Imperial Age
39:34 Perfusion
39:07 Two-Handed Swordsman
40:26 Conscription
41:12 Blast Furnace
40:46 Architecture
41:19 Chemistry
40:37 Champion
42:20 Pikeman
Kayzer_Rsk
7:27 Feudal Age
10:19 Double-Bit Axe
12:24 Forging
16:57 Man-at-Arms
18:24 Horse Collar
23:21 Castle Age
24:40 Scale Barding Armor
25:11 Iron Casting
25:19 Bloodlines
27:06 Heavy Plow
28:49 Wheelbarrow
29:51 Bow Saw
30:41 Hand Cart
33:10 Chain Barding Armor
37:24 Imperial Age
35:59 Steppe Husbandry
37:15 Murder Holes
39:03 Elite Steppe Lancer
fricxy12angel
5:08 Loom
6:58 Feudal Age
7:24 Double-Bit Axe
7:40 Man-at-Arms
12:38 Fletching
21:44 Castle Age
20:49 Forging
20:26 Town Watch
20:28 Loom
22:02 Long Swordsman
22:28 Gambesons
22:48 Padded Archer Armor
22:44 Bodkin Arrow
23:04 Bow Saw
22:58 Scale Mail Armor
23:43 Crossbowman
24:52 Town Patrol
26:15 Gold Mining
26:18 Stone Mining
28:39 Leather Archer Armor
29:08 Horse Collar
31:03 Arson
31:26 Scale Barding Armor
33:13 Heavy Plow
33:43 Elite Skirmisher
37:19 Imperial Age
36:29 Ballistics
36:04 Murder Holes
37:35 Chieftains
38:45 Capped Ram
39:28 Elite Berserk
40:23 Two-Handed Swordsman
42:09 Iron Casting
41:49 Chain Mail Armor
Connection lost

Rejoining the realm…

Still unreachable

The connection could not be restored.

Session expired

The server has moved on; the page needs a fresh start.